 Dungeon Crawl Stone Soup version 0.29-a0-23-ga79f92ac9c (webtiles) character file.

Game seed: 15507743141003795316

397 Dulis131 the Distorting Demonspawn (level 6, -3/49 HPs)
             Began as a Demonspawn Abyssal Knight on Jan 30, 2022.
             Was a Believer of Lugonu.
             Slain by a gnoll (4 damage)
             ... on level 4 of the Dungeon.
             The game lasted 00:11:23 (5198 turns).

Dulis131 the Distorting Demonspawn (DsAK)           Turns: 5198, Time: 00:11:23

Health: -3/49      AC:  8    Str: 13 (15) XL:     6   Next: 53%
Magic:  10/10      EV: 12    Int: 11 (12) God:    Lugonu [**....]
Gold:   99         SH:  0    Dex: 10 (13) Spells: 11/11 levels left

rFire   . . .      SeeInvis .   a - +1 spear
rCold   . . .      Faith    .   (no shield)
rNeg    . . .      Spirit   .   b - +0 leather armour
rPois   .          Reflect  .   (no helmet)
rElec   .          Harm     .   f - +0 cloak
rCorr   .          Rampage  .   (no gloves)
Will    .....                   (no boots)
Stlth   +.........              (no amulet)
HPRegen 0.16/turn               u - +4 ring of protection
MPRegen 0.12/turn               (no ring)

@: no status effects
A: powered by pain 1, wild magic 1
a: Renounce Religion, Depart the Abyss, Bend Space


You were on level 4 of the Dungeon.
You worshipped Lugonu.
Lugonu was pleased with you.
You visited 1 branch of the dungeon, and saw 4 of its levels.
You visited the Abyss 1 time.

You collected 99 gold pieces.

Inventory:

Hand Weapons
 a - a +1 spear (weapon)
Missiles
 o - 2 atropa-tipped darts (quivered)
 s - 9 bolts
Armour
 b - a +0 leather armour (worn)
 f - a +0 cloak (worn)
Jewellery
 u - a +4 ring of protection (left hand)
Scrolls
 c - 2 scrolls of magic mapping {unknown}
 e - 2 scrolls of blinking {unknown}
 g - a scroll of noise {unknown}
 h - a scroll of immolation {unknown}
 i - a scroll of brand weapon {unknown}
 j - a scroll of enchant armour {unknown}
 m - 2 scrolls of identify {unknown}
 q - a scroll of fear {unknown}
 v - a scroll of teleportation {unknown}
 w - a scroll of holy word {unknown}
Potions
 d - a potion of heal wounds {unknown}
 n - a potion of brilliance
 p - a potion of lignification


   Skills:
 + Level 4.7 Fighting
 + Level 1.1(1.3) Short Blades
 + Level 1.1(1.3) Long Blades
 + Level 1.5(4.0) Axes
 + Level 2.5(3.0) Maces & Flails
 + Level 5.0(5.2) Polearms
 + Level 1.1(3.8) Staves
 + Level 1.1(1.4) Slings
 + Level 1.1 Bows
 + Level 1.1 Crossbows
 + Level 1.1(1.4) Throwing
 + Level 3.4 Armour
 + Level 3.0 Dodging
 + Level 1.5 Stealth
 + Level 2.0 Shields
 + Level 1.1 Unarmed Combat
 + Level 3.0 Spellcasting
 + Level 1.2 Conjurations
 + Level 1.2 Hexes
 + Level 1.8 Summonings
 + Level 1.4 Necromancy
 + Level 1.1 Translocations
 + Level 1.2 Transmutations
 + Level 1.1 Fire Magic
 + Level 1.1 Ice Magic
 + Level 1.1 Air Magic
 + Level 1.1 Earth Magic
 + Level 1.2 Poison Magic
 + Level 5.1 Invocations
 + Level 1.2 Evocations


You had 11 spell levels left.
You didn't know any spells.
Your spell library contained the following spells:

 Spells                   Type           Power      Damage    Failure   Level
 Magic Dart               Conj           20%        1d4       26%         1
 Pain                     Necr           24%        1d5       26%         1
 Call Imp                 Summ           7%         N/A       32%         2
 Scorch                   Fire           10%        2d5       38%         2
 Mephitic Cloud           Conj/Pois/Air  5%         N/A       61%         3
 Flame Wave               Conj/Fire      5%         2d5       93%         4
 Agony                    Necr           6%         N/A       99%         5
 Excruciating Wounds      Necr           3%         N/A       99%         5
 Summon Cactus Giant      Summ           3%         N/A       100%        6


Dungeon Overview and Level Annotations

Branches:
Dungeon (4/15)
 Temple: D:4-7

Altars:

Shops:
D:3 !

Annotations:
D:4 Pikel


Innate Abilities, Weirdness & Mutations

You sometimes gain a little power by taking damage.
Your spells are a little harder to cast, but a little more powerful.


Message History

There is an open door here.
You reach to attack!
You completely miss the gnoll. You closely miss the gnoll.
The gnoll hits you from afar with a +0 spear.
You hit the gnoll.
The gnoll is moderately wounded.
The gnoll hits you from afar with a +0 spear.
The gnoll hits you but does no damage.
You hit the gnoll but do no damage.
The gnoll is moderately wounded.
The gnoll closely misses you. The gnoll hits you but does no damage.
The gnoll barely misses you.
You hit the gnoll but do no damage.
The gnoll is moderately wounded.
The gnoll hits you from afar with a +0 spear.
The gnoll misses you.
You hit the gnoll.
The gnoll is moderately wounded.
The gnoll hits you with a +0 whip. The gnoll closely misses you.
The gnoll hits you with the +7 hand axe of Jutixon {elec, rElec rPois rF++ Str-2}!
Reach: a) +1 spear
Press: ? - help, Dir - move target, f - gnoll, p - gnoll
Aim: a gnoll, wielding a +0 spear (almost dead, fast, about 32% to evade your +1 spear)
You reach to attack!
You hit the gnoll.
You kill the gnoll!
Lugonu accepts your kill. The gnoll hits you with a +0 whip.
You barely miss the gnoll.
The gnoll is moderately wounded.
The gnoll hits you with the +7 hand axe of Jutixon {elec, rElec rPois rF++ Str-2}.
The gnoll hits you with a +0 whip.
* * * LOW HITPOINT WARNING * * *
You hit the gnoll.
The gnoll is heavily wounded.
The gnoll hits you with the +7 hand axe of Jutixon {elec, rElec rPois rF++ Str-2}.
* * * LOW HITPOINT WARNING * * *
The gnoll hits you with a +0 whip.
* * * LOW HITPOINT WARNING * * *
The gnoll hits you with the +7 hand axe of Jutixon {elec, rElec rPois rF++ Str-2}.
You die...

....... ..............'....
....... .............#....
....... ............#....
.......### #.###########....
#......###.#########....#+
#...†g.#........#..#....#
#...†..#........'..#....#
#...†..#g.......#..#....#
#.....)'.@......#..+....+
.........#g.####'#####....##
#############......<........
#...............
#...............
#...............
#......>........
####.....####### #.....#


You could see 2 gnolls.

Vanquished Creatures
  3 lemures
  2 hounds
  A gnoll (D:4)
  6 adders
  A shadow imp (D:3)
  An ufetubus (D:4)
  A worm (D:3)
  4 dart slugs
  An orc (D:3)
  5 endoplasms
  3 giant cockroaches
  7 hobgoblins
  6 jackals
  3 kobolds
  2 quokkas
  6 ball pythons
  4 bats
  A frilled lizard (D:3)
  6 goblins
  7 rats
70 creatures vanquished.

Notes
Turn   | Place    | Note
-------+----------+-------------------------------------------
     0 | Abyss:1  | Dulis131 the Demonspawn Abyssal Knight began the quest for
                  | the Orb.
     0 | Abyss:1  | Reached XP level 1. HP: 18/18 MP: 2/2
    21 | Abyss:1  | Found a viscous altar of Jiyva.
    42 | Abyss:1  | Noticed a small abomination
    60 | Abyss:1  | Noticed a small abomination
    62 | D:1      | Escaped the Abyss
   377 | D:1      | Gained mutation: You sometimes gain a little power by
                  | taking damage. [demonic ancestry]
   377 | D:1      | Reached XP level 2. HP: 24/24 MP: 3/3
   751 | D:1      | Reached skill level 1 in Dodging
  1337 | D:2      | Reached XP level 3. HP: 29/29 MP: 5/5
  1368 | D:2      | Reached * piety under Lugonu
  1444 | D:2      | You fall into a shaft and drop 2 floors!
  1967 | D:3      | Reached XP level 4. HP: 25/36 MP: 6/6
  2810 | D:3      | Reached ** piety under Lugonu
  2877 | D:3      | Found Josiron's Distillery.
  2999 | D:3      | Found a faded altar of an unknown god.
  3080 | D:3      | Reached XP level 5. HP: 23/42 MP: 7/7
  3719 | D:4      | Noticed a lemure
  3719 | D:4      | Noticed a lemure
  3849 | D:3      | Killed a lemure
  4002 | D:4      | Killed a lemure
  4181 | D:4      | Noticed Pikel
  4532 | D:4      | Noticed a lemure
  4580 | D:3      | Gained mutation: Your spells are a little harder to cast,
                  | but a little more powerful. [potion of mutation]
  4581 | D:3      | Reached skill level 1 in Short Blades
  4581 | D:3      | Reached skill level 1 in Long Blades
  4581 | D:3      | Reached skill level 1 in Axes
  4581 | D:3      | Reached skill level 5 in Polearms
  4581 | D:3      | Reached skill level 1 in Staves
  4581 | D:3      | Reached skill level 1 in Slings
  4581 | D:3      | Reached skill level 1 in Bows
  4581 | D:3      | Reached skill level 1 in Crossbows
  4581 | D:3      | Reached skill level 1 in Throwing
  4581 | D:3      | Reached skill level 1 in Stealth
  4581 | D:3      | Reached skill level 1 in Unarmed Combat
  4581 | D:3      | Reached skill level 1 in Conjurations
  4581 | D:3      | Reached skill level 1 in Hexes
  4581 | D:3      | Reached skill level 1 in Summonings
  4581 | D:3      | Reached skill level 1 in Necromancy
  4581 | D:3      | Reached skill level 1 in Translocations
  4581 | D:3      | Reached skill level 1 in Transmutations
  4581 | D:3      | Reached skill level 1 in Fire Magic
  4581 | D:3      | Reached skill level 1 in Ice Magic
  4581 | D:3      | Reached skill level 1 in Air Magic
  4581 | D:3      | Reached skill level 1 in Earth Magic
  4581 | D:3      | Reached skill level 1 in Poison Magic
  4581 | D:3      | Reached skill level 5 in Invocations
  4581 | D:3      | Reached skill level 1 in Evocations
  4581 | D:3      | Reached XP level 6. HP: 11/49 MP: 7/10
  4590 | D:3      | HP: 2/73 [lemure[Pikel] (5)]
  5175 | D:4      | Identified the +7 hand axe of Jutixon {elec, rElec rPois
                  | rF++ Str-2}
  5197 | D:4      | HP: 1/49 [gnoll (3)]
  5198 | D:4      | Slain by a gnoll

Illustrated notes

Levels and vault maps discovered:
D:1:      lemuel_arrival_rhombus, layout_basic, serial_bayou_lake_a
D:2:      layout_basic
D:3:      layout_loops_ring, serial_shops, nicolae_shop_behind_doors,
          shapermc_ecumenical_altar_ellora
D:4:      layout_gridville, uniq_pikel

Skill      XL: |  1  2  3  4  5 |
---------------+----------------+-----
Polearms       | 2 3 5 |  5.0
Dodging        | 1 3 |  3.0
Armour         | 2 3 |  3.4
Fighting       | 4 |  4.7
Short Blades   | 1 |  1.1
Long Blades    | 1 |  1.1
Axes           | 1 |  1.5
Maces & Flails | 2 |  2.5
Staves         | 1 |  1.1
Slings         | 1 |  1.1
Bows           | 1 |  1.1
Crossbows      | 1 |  1.1
Throwing       | 1 |  1.1
Stealth        | 1 |  1.5
Shields        | 2 |  2.0
Unarmed Combat | 1 |  1.1
Spellcasting   | 3 |  3.0
Conjurations   | 1 |  1.2
Hexes          | 1 |  1.2
Summonings     | 1 |  1.8
Necromancy     | 1 |  1.4
Translocations | 1 |  1.1
Transmutations | 1 |  1.2
Fire Magic     | 1 |  1.1
Ice Magic      | 1 |  1.1
Air Magic      | 1 |  1.1
Earth Magic    | 1 |  1.1
Poison Magic   | 1 |  1.2
Invocations    | 5 |  5.1
Evocations     | 1 |  1.2

Action                   |  1- 3 |  4- 6 || total
-------------------------+-------+-------++-------
Melee: Spear             |   122 |   286 ||   408
       Punch             |       |     7 ||     7
Throw: Dart              |       |     4 ||     4
Invok: Depart the Abyss  |     1 |       ||     1
  Use: Potion            |       |     8 ||     8
 Stab: Distracted        |     1 |       ||     1
       Sleeping          |       |     2 ||     2
Armor: Leather armour    |    33 |   102 ||   135
       Skin              |       |     6 ||     6
Dodge: Dodged            |    51 |   162 ||   213

Table legend: (Time is in decaauts)
 A = Elapsed time spent in this place.
 B = Non-inter-level travel time spent in this place.
 C = Inter-level travel time spent in this place.
 D = Time resting spent in this place.
 E = Time spent auto-exploring this place.
 F = Levels seen in this place.
 G = Mean time per level.
                   A        B        C        D        E       F      G
               +--------+--------+--------+--------+--------+-----+--------+
         Total |   5207 |   5064 |    143 |   1381 |   2802 |   5 | 1041.4 |
       Dungeon |   5145 |   5002 |    143 |   1381 |   2764 |   4 | 1286.2 |
         Abyss |     62 |     62 |      0 |      0 |     38 |   1 |   62.0 |
               +--------+--------+--------+--------+--------+-----+--------+

Top non-repeatable levels by time:
     D:3: 2415 daAuts
     D:1: 1114 daAuts
     D:4: 914 daAuts
     D:2: 700 daAuts
 Abyss:1: 62 daAuts
